 Dungeon Crawl Stone Soup version 0.20.1-1-g8b1a95d (console) character file.

1264 bli the Magician (level 8, -14/63 HPs)
             Began as a Green Draconian Venom Mage on July 16, 2017.
             Was a Believer of Sif Muna.
             Killed from afar by appiemonkey's ghost (21 damage)
             ... with a stone arrow
             ... on level 6 of the Dungeon.
             The game lasted 00:29:59 (5318 turns).

bli the Magician (Green Draconian Venom Mage)       Turns: 5318, Time: 00:29:59

Health: -14/63     AC:  8    Str: 11    XL:     8   Next: 27%
Magic:  26/26      EV: 12    Int: 16    God:    Sif Muna [**....]
Gold:   187        SH:  0    Dex: 13    Spells: 8/19 levels left

rFire    . . .     SeeInvis .   b - +1 flail (crush)
rCold    . . .     Gourm    .   (no shield)
rNeg     . . .     Faith    .   (armour unavailable)
rPois    +         Spirit   .   (helmet restricted)
rElec    .         Reflect  .   (no cloak)
rCorr    .         Harm     .   (no gloves)
MR       .....                  C - +1 pair of boots
Stlth    ++........             (no amulet)
Regen    0.2/turn               E - ring of magical power
MPRegen  0.2/turn               x - -2 ring of evasion (curse)

@: no status effects
A: breathe noxious fumes, unfitting armour, poison resistance, cold-blooded, AC
+6
a: Breathe Noxious Fumes, Divine Energy, Renounce Religion


You were on level 6 of the Dungeon.
You worshipped Sif Muna.
Sif Muna was pleased with you.
You were not hungry.

You visited 1 branch of the dungeon, and saw 6 of its levels.

You collected 187 gold pieces.

Inventory:

Hand Weapons
 a - a +1 dagger of protection
 b - a +1 flail of crushing (weapon)
 c - a +0 war axe of chopping
 z - a +0 spear
Missiles
 d - 158 stones (quivered)
Armour
 C - a +1 pair of boots (worn)
Jewellery
 n - an uncursed ring of protection from fire
 x - a cursed -2 ring of evasion (right hand)
 B - an uncursed ring of flight
 E - a ring of magical power (left hand)
 H - a +3 ring of protection {unknown}
Wands
 p - a wand of random effects (3/48)
 y - a wand of random effects (20/48)
Scrolls
 g - 2 scrolls of fear {unknown}
 j - 3 scrolls of remove curse {unknown}
 l - 2 scrolls of random uselessness {unknown}
 m - a scroll of fog {unknown}
 o - 2 scrolls of immolation {unknown}
 s - 4 scrolls of amnesia {unknown}
 A - 5 scrolls of identify {unknown}
 D - a scroll of enchant armour {unknown}
 F - a scroll of teleportation {unknown}
Potions
 f - a potion of might {unknown}
 k - 2 potions of lignification {unknown}
 q - a potion of agility {unknown}
 r - 3 potions of haste {unknown}
 t - 3 potions of curing {unknown}
 u - a potion of heal wounds {unknown}
 w - a potion of mutation {unknown}
Books
 e - a Young Poisoner's Handbook

   Spells                             Type                      Level
   a - Sting                          Conjuration/Poison           1
   b - Poisonous Vapours              Poison/Air                   2
   c - Mephitic Cloud                 Conjuration/Poison/Air       3
   d - Olgreb's Toxic Radiance        Poison                       4
   e - Venom Bolt                     Conjuration/Poison           5
Comestibles
 h - 7 fruits
 i - 4 meat rations
 v - 4 bread rations


   Skills:
 * Level 3.1 Fighting
 + Level 3.9 Dodging
 + Level 2.2 Stealth
 + Level 6.3 Spellcasting
 + Level 3.9 Conjurations
 + Level 0.4 Air Magic
 + Level 5.6 Poison Magic


You had 8 spell levels left.
You knew the following spells:

 Your Spells              Type           Power        Failure   Level  Hunger
a - Sting                 Conj/Pois      ###.         1%          1    None
b - Venom Bolt            Conj/Pois      ###.......   45%         5    #####..
c - Mephitic Cloud        Conj/Pois/Air  ###.....     10%         3    ##.....
v - Poisonous Vapours     Pois/Air       ##....       6%          2    None


Dungeon Overview and Level Annotations

Branches:
Dungeon (6/15)
 Temple: D:4-7

Altars:
Elyvilon
Sif Muna
Zin

Annotations:
D:5 appiemonkey's ghost, novice OgBe
D:6 appiemonkey's ghost, novice GrEE


Innate Abilities, Weirdness & Mutations

You can breathe blasts of noxious fumes.
Your lurid green scales are hard. (AC +6)
You cannot fit into any form of body armour.
Your system is resistant to poisons. (rPois)
You are cold-blooded and may be slowed by cold attacks.


Message History

Appiemonkey's ghost completely resists.
Appiemonkey's ghost is moderately damaged.
Evoking this partially-identified wand wasted a few charges.
Evoke which item? (* to show all) (? for menu, Esc to quit)
Aiming: Random Effects (will waste charges)
Press: ? - help, Shift-Dir - straight line, f/p - appiemonkey's ghost
Aim: appiemonkey's ghost (moderately damaged) Appiemonkey's ghost resists with almost no effort.
Evoking this partially-identified wand wasted a few charges.
Evoke which item? (* to show all) (? for menu, Esc to quit)
Aiming: Random Effects (will waste charges)
Press: ? - help, Shift-Dir - straight line, f/p - appiemonkey's ghost
Aim: appiemonkey's ghost (lightly damaged) Appiemonkey's ghost flickers and vanishes!
Deactivating autopickup; reactivate with Ctrl-A.
Evoking this partially-identified wand wasted a few charges.
You hear some strange, mumbled words.
A stone arrow appears from out of thin air!
The stone arrow hits you!
You die...

#.#####............# #.#
##...........###. #.#
###............#... # #.#
#...#............# # #W#
#.#.............### #
##.###...##............. #
#......####.........#
###.................#
.##...........##.##.# ..
.##..............##.# ##..
.##.............@##.## ...
..................#).###.##
.###......)...............##
.###............{..........##
..##..............#.........##
#.##.............##)#........#
#...........#.......#......#.###
#..........#####.####รท..........
#.###........###.#.[..........#
#.......####...#.#.##..........
..#.....# ##.#.#)##......###.


There were no monsters in sight!

Vanquished Creatures
  Edmund (D:4)
  An ogre (D:5)
  A phantom (D:6)
  A bullfrog (D:6)
  A scorpion (D:6)
  A howler monkey (D:4)
  2 crimson imps
  A hound (D:6)
  3 orc priests
  Ijyb (D:4)
  An iguana (D:5)
  5 orc wizards
  3 worker ants
  Natasha (thrice) (D:2)
  A worker ant zombie (D:5)
  Robin (D:4)
  4 gnolls
  A howler monkey skeleton (D:4)
  9 adders
  2 adder zombies (D:5)
  An adder skeleton (D:4)
  3 worms
  3 dart slugs
  4 leopard geckos
  18 orcs
  A ball python (D:4)
  7 giant cockroaches
  17 goblins
  7 hobgoblins
  5 jackals
  5 kobolds
  5 quokkas
  7 bats
  6 frilled lizards
  A jackal zombie (D:4)
  11 rats
144 creatures vanquished.

Notes
Turn   | Place    | Note
-------+----------+-------------------------------------------
     0 | D:1      | bli the Draconian Venom Mage began the quest for the Orb.
     0 | D:1      | Reached XP level 1. HP: 14/14 MP: 3/3
   209 | D:1      | Reached XP level 2. HP: 17/20 MP: 5/5
   554 | D:1      | Reached XP level 3. HP: 26/26 MP: 7/7
   641 | D:1      | Reached skill level 3 in Spellcasting
  1208 | D:2      | Found a white marble altar of Elyvilon.
  1221 | D:2      | Noticed Natasha
  1228 | D:2      | Killed Natasha
  1228 | D:2      | Reached XP level 4. HP: 14/34 MP: 9/9
  1272 | D:2      | Noticed Natasha
  1341 | D:2      | Killed Natasha
  1341 | D:2      | Reached skill level 1 in Fighting
  1523 | D:2      | Noticed Natasha
  1529 | D:2      | Killed Natasha
  1529 | D:2      | Reached XP level 5. HP: 28/40 MP: 10/10
  1728 | D:2      | Found a glowing silver altar of Zin.
  1765 | D:2      | Reached skill level 4 in Spellcasting
  2114 | D:3      | Found a deep blue altar of Sif Muna.
  2120 | D:3      | Became a worshipper of Sif Muna the Loreminder
  2234 | D:3      | Learned a level 5 spell: Venom Bolt
  2614 | D:3      | Reached XP level 6. HP: 34/47 MP: 12/12
  2804 | D:4      | Noticed Robin
  2808 | D:5      | Entered Level 5 of the Dungeon
  3194 | D:5      | Noticed appiemonkey's ghost (novice OgBe)
  3319 | D:4      | Reached skill level 5 in Spellcasting
  3335 | D:4      | Reached * piety under Sif Muna
  3351 | D:4      | Your scales start taking on a lurid green colour.
  3351 | D:4      | Reached XP level 7. HP: 17/53 MP: 8/14
  3351 | D:4      | Gained mutation: Your system is resistant to poisons. (rPois) [Green Draconian growth]
  3495 | D:4      | Noticed Ijyb
  3535 | D:4      | Killed Ijyb
  3541 | D:4      | Learned a level 2 spell: Poisonous Vapours
  3739 | D:4      | Noticed Edmund
  3771 | D:4      | Killed Edmund
  3893 | D:4      | Reached skill level 5 in Poison Magic
  3957 | D:4      | Killed Robin
  4179 | D:4      | Reached ** piety under Sif Muna
  4687 | D:5      | Learned a level 3 spell: Mephitic Cloud
  4804 | D:5      | Reached skill level 6 in Spellcasting
  4912 | D:6      | Reached XP level 8. HP: 42/62 MP: 17/17
  5271 | D:6      | Noticed appiemonkey's ghost (novice GrEE)
  5318 | D:6      | Killed from afar by appiemonkey's ghost

Skill      XL: |  1  2  3  4  5  6  7  8 |
---------------+-------------------------+-----
Dodging        | 2 3 |  3.9
Spellcasting   | 3 4 5 6 |  6.3
Fighting       | 1 2 3 |  3.1
Conjurations   | 2 3 |  3.9
Poison Magic   | 4 5 |  5.6
Stealth        | 2 |  2.2
Air Magic      | |  0.4

Action                   |  1- 3 |  4- 6 |  7- 9 || total
-------------------------+-------+-------+-------++-------
Melee: Unarmed           |    21 |       |       ||    21
       Tailslap          |     4 |    18 |    17 ||    39
       Spear             |    51 |   119 |    12 ||   182
       Dagger            |       |       |    83 ||    83
       Flail             |       |       |    54 ||    54
 Cast: Sting             |    61 |   103 |   142 ||   306
       Poisonous Vapours |       |       |     3 ||     3
       Mephitic Cloud    |       |       |     2 ||     2
Evoke: Wand              |       |       |     8 ||     8
 Stab: Sleeping          |     3 |     3 |     1 ||     7
       Confused          |       |       |     1 ||     1
  Eat: Chunk             |     2 |     6 |     7 ||    15
Armor: Skin              |    24 |    32 |    64 ||   120
Dodge: Dodged            |    51 |    73 |   111 ||   235
